Map: Magannatha LE

Players

Max

  • Race: Terran Terran
  • League: Diamond
  • Spawn Location: 11:00

ManlyManMeat - Winner!

  • Race: Zerg Zerg
  • League: Diamond
  • Spawn Location: 5:00

VOD

Have the link to the VOD?

Description

Time

  • Played on: July 11, 2025, 7:46 a.m.
  • Length: 12:24
Show
View Real Time Build Order
Export as new Build Order

Max Terran 

Build Orders:  

Get SALT Encoding   

  12  0:00  SCV  
  13  0:12  SCV  
  14  0:23  Supply Depot  
  14  0:25  SCV  
  15  0:29  Refinery  
  15  0:45  SCV  
  15  0:47  Barracks  
  16  0:56  Refinery  
  16  0:57  SCV  
  17  1:09  SCV  
  18  1:15  Supply Depot  
  18  1:21  SCV  
  19  1:38  Marine  
  20  1:40  Bunker  
  20  1:45  Factory  
  20  1:49  SCV  
  21  1:55  Marine  
  21  2:01  SCV  
  23  2:13  SCV  
  24  2:26  Supply Depot, SCV  
  25  2:37  Starport  
  25  2:50  SCV  
  26  3:02  Command Center  
  26  3:20  Fusion Core, Starport Tech Lab  
  26  3:24  Orbital Command  
  26  3:38  Starport  
  26  3:39  Marine  
  33  4:11  Refinery  
  33  4:24  Starport Tech Lab  
  33  4:31  Marine  
  33  4:33  SCV x2  
  30  4:42  Factory  
  30  4:48  SCV x2  
  30  4:52  Supply Depot  
  32  5:03  Starport Reactor, Factory  
  32  5:05  Starport Reactor  
  32  5:06  Factory  
  32  5:09  Factory  
  32  5:10  SCV  
  34  5:16  Refinery  
  34  5:18  Orbital Command  
  33  5:22  SCV  
  33  5:25  Supply Depot  
  34  5:33  Cyclone  
  34  5:34  SCV  
  38  5:38  Cyclone  
  41  5:58  Factory Reactor  
  41  6:03  SCV x2  
  43  6:17  Hellion x4  
  51  6:20  Infernal Pre-Igniter  
  51  6:21  Mag-Field Accelerator  
  52  6:25  SCV x2  
  53  6:35  Hellion x2  
  57  6:41  Armory  
  57  6:43  Supply Depot  
  57  6:44  SCV  
  57  6:45  SCV  
  63  6:47  Hellion x2  
  63  6:55  Cyclone  
  63  6:56  Cyclone  
  69  7:08  Supply Depot  
  69  7:12  Hellion x2  
  69  7:14  Hellion x2  
  81  7:30  Hellion x2  
  81  7:31  Supply Depot  
  81  7:33  Terran Vehicle And Ship Armor Level 1  
  81  7:37  Hellion x2  
  85  7:52  Cyclone x2  
  85  7:56  Supply Depot  
  91  7:59  Hellion x2  
  91  8:01  Hellion x2  
  91  8:03  Hellion  
  101  8:14  Supply Depot  
  101  8:18  Hellion, Supply Depot  
  101  8:19  Supply Depot  
  103  8:28  Supply Depot  
  103  8:30  Supply Depot  
  103  8:59  Supply Depot  
  103  9:01  Cyclone x2  
  111  9:03  Hellion x2  
  111  9:04  Hellion  
  106  9:22  Supply Depot  
  92  9:48  Cyclone x2, Hellion  
  92  9:49  Hellion x5  
  88  10:10  Hellion  
  82  10:28  Cyclone x2  
  82  10:29  Hellion x5  
  78  10:51  Hellion  
  78  10:52  Hellion x2  
  77  11:00  Cyclone x2  
  69  11:28  Hellion x5  
  69  11:32  Cyclone  
  74  11:34  Factory Tech Lab  
  66  12:00  Engineering Bay  
  69  12:15  Command Center  
Show
View Real Time Build Order
Export as new Build Order

ManlyManMeat Zerg - Winner!

Build Orders: Hatch First 

Get SALT Encoding   

  12  0:00  Drone  
  13  0:08  Drone  
  13  0:14  Extractor  
  13  0:15  Drone  
  15  0:21  Overlord  
  15  0:40  Drone  
  16  0:46  Hatchery  
  15  0:50  Drone  
  15  0:55  Drone  
  17  1:00  Drone  
  18  1:09  Drone, Extractor  
  18  1:18  Spawning Pool  
  18  1:21  Drone  
  18  1:26  Drone  
  19  1:38  Drone  
  20  2:05  Queen x2  
  20  2:06  Zergling x4  
  20  2:07  Overlord  
  26  2:10  Metabolic Boost  
  26  2:16  Drone  
  26  2:17  Drone  
  28  2:35  Drone  
  28  2:36  Drone x3  
  32  2:43  Hatchery  
  31  3:02  Overlord x2  
  31  3:03  Overlord  
  31  3:25  Drone x8  
  39  3:41  Drone x2  
  41  3:43  Queen x2  
  41  3:48  Drone, Roach Warren  
  44  4:02  Drone x4  
  48  4:04  Overlord x3  
  48  4:16  Drone  
  48  4:17  Drone x3  
  51  4:23  Evolution Chamber  
  51  4:36  Hatchery  
  50  4:38  Spore Crawler  
  50  4:39  Lair  
  50  4:40  Drone x2  
  50  4:41  Drone  
  50  4:44  Extractor, Queen, Spore Crawler  
  50  4:45  Extractor x2  
  50  4:46  Queen  
  50  4:52  Spore Crawler  
  51  5:05  Spore Crawler  
  51  5:06  Spore Crawler  
  49  5:07  Spore Crawler  
  49  5:09  Spore Crawler x2  
  49  5:10  Spore Crawler  
  49  5:11  Drone  
  49  5:12  Drone x2, Spore Crawler  
  49  5:13  Drone  
  48  5:15  Drone  
  48  5:17  Drone  
  50  5:22  Zergling x6  
  53  5:33  Drone x2  
  53  5:34  Drone x2  
  57  5:39  Spire  
  57  5:40  Drone  
  57  5:53  Drone x3  
  57  5:54  Drone  
  57  5:55  Drone x3  
  57  5:56  Drone x2  
  66  6:14  Drone x4  
  66  6:15  Drone x5  
  66  6:16  Zergling x8  
  79  6:23  Baneling Nest  
  78  6:36  Overlord x3  
  78  6:43  Queen  
  80  6:53  Overlord x3  
  80  6:54  Queen  
  80  6:55  Zerg Flyer Armor Level 1  
  80  6:59  Corruptor x4  
  90  7:13  Queen  
  92  7:17  Drone x2  
  92  7:18  Drone x2  
  92  7:22  Corruptor x2  
  96  7:26  Infestation Pit  
  96  7:29  Drone x3, Extractor  
  101  7:31  Drone x3, Corruptor, Extractor  
  105  8:00  Corruptor  
  105  8:01  Corruptor x2  
  111  8:09  Corruptor  
  111  8:11  Overlord x7  
  113  8:13  Zergling x6  
  113  8:14  Zergling x10  
  121  8:27  Corruptor x2  
  121  8:28  Corruptor  
  127  8:43  Corruptor  
  127  8:44  Corruptor  
  131  8:49  Zerg Flyer Weapons Level 1  
  130  9:00  Zergling x32  
  145  9:12  Roach  
  145  9:13  Roach x11  
  160  9:22  Roach x6  
  131  9:39  Roach x4  
  131  9:40  Roach x4  
  131  9:48  Roach  
  131  9:49  Roach x2  
  121  9:56  Roach  
  121  9:57  Roach x2  
  95  10:11  Zergling x2, Roach x4  
  102  10:20  Roach x2  
  96  10:32  Roach x4  
  93  10:49  Roach  
  100  10:50  Roach x4  
  96  11:03  Mutalisk x4  
  92  11:33  Mutalisk x5  
  93  11:54  Drone x4  
Tags
 
Matchup
TvZ
Replay Pack
Myownreplay2
Spawn Locations
Cross Positions
Add a new tag
Caveats
  • Supply blocks, unpowered buildings, or Contaminate may cause inaccurate times.
  • Supply counts are checked every 10 seconds.